 Dungeon Crawl Stone Soup version 0.26-a0-597-gb535b0901c (webtiles) character file.

Game seed: 9872062766409918488

42107 Gargoyl the Fighter (level 14, -1/113 HPs)
             Began as a Gnoll Abyssal Knight on Aug 25, 2020.
             Was a High Priest of Lugonu.
             Slain by a yak (12 damage)
             ... on level 11 of the Dungeon on Aug 26, 2020.
             The game lasted 00:34:47 (25933 turns).

Gargoyl the Fighter (Gnoll Abyssal Knight)         Turns: 25933, Time: 00:34:48

Health: -1/113     AC: 21    Str: 18    XL:     14   Next: 18%
Magic:  27/27      EV: 17    Int: 15    God:    Lugonu [*****.]
Gold:   1935       SH:  0    Dex: 22    Spells: 31/31 levels left

rFire    + + .     SeeInvis .   c - +3 broad axe
rCold    + . .     Faith    .   (no shield)
rNeg     . . .     Spirit   .   A - +4 scale mail of the Catfish {rF+}
rPois    +         Reflect  .   r - +2 helmet
rElec    .         Harm     .   B - scarf {rC+ rF+}
rCorr    .                      E - +0 pair of gloves
MR       ++...                  D - +2 pair of boots
Stlth    +++.......             d - amulet of the acrobat
HPRegen  0.28/turn              u - +6 ring of dexterity
MPRegen  0.20/turn              g - ring of Yendor {rPois MR+}

@: studying Staves
A: distributed training, fangs 1, strong nose
a: Depart the Abyss, Bend Space, Banish, Corrupt, Enter the Abyss, Renounce
Religion


You were on level 11 of the Dungeon.
You worshipped Lugonu.
Lugonu was extremely pleased with you.
You visited 2 branches of the dungeon, and saw 17 of its levels.
You visited the Abyss 1 time.
You also visited: Bailey and Gauntlet.

You collected 2435 gold pieces.
You spent 500 gold pieces at shops.

Inventory:

Hand Weapons
 c - a +3 broad axe (weapon)
 w - a +0 hand axe of holy wrath
 K - a +0 scimitar of flaming
 M - a +4 double sword of holy wrath
Armour
 r - a +2 helmet (worn)
 A - the +4 scale mail of the Catfish (worn) {rF+}
   (You found it on level 4 of the Lair of Beasts)

   It protects you from fire.
 B - a scarf of resistance (worn)
 D - a +2 pair of boots (worn)
 E - a +0 pair of gloves (worn)
Jewellery
 d - an amulet of the acrobat (around neck)
 g - the ring of Yendor (right hand) {rPois MR+}
   (You found it on level 3 of the Lair of Beasts)

   [ring of poison resistance]

   It protects you from poison.
   It affects your resistance to hostile enchantments.
 q - a +4 ring of evasion
 u - a +6 ring of dexterity (left hand)
 G - an uncursed ring of see invisible
Wands
 a - a wand of enslavement (7)
 f - a wand of polymorph (13)
 s - a wand of digging (7)
 v - a wand of iceblast (7)
 y - a wand of flame (29)
 C - a wand of disintegration (10)
 I - a wand of paralysis (31)
 Q - a wand of random effects (26)
Scrolls
 e - 5 scrolls of fog
 j - 12 scrolls of remove curse
 p - 2 scrolls of identify
 x - 6 scrolls of teleportation
 H - 4 scrolls of fear
 L - a scroll of blinking
 N - a scroll of magic mapping
 R - a scroll of immolation {unknown}
Potions
 b - 5 potions of heal wounds
 h - 2 potions of ambrosia
 i - 3 potions of flight
 k - 3 potions of lignification
 l - 7 potions of curing
 m - 2 potions of brilliance
 n - a potion of cancellation
 o - 2 potions of haste
 t - a potion of mutation {unknown}
 z - 2 potions of invisibility {unknown}
 F - a potion of magic {unknown}
 J - 2 potions of stabbing {unknown}
 P - a potion of might {unknown}
Books
 S - a manual of Staves
Miscellaneous
 O - a lightning rod (4/4)


   Skills:
 + Level 11.0 Fighting
 + Level 9.0 Short Blades
 + Level 9.0 Long Blades
 + Level 10.1 Axes
 + Level 9.0 Maces & Flails
 + Level 9.0 Polearms
 + Level 9.0 Staves
 + Level 9.0 Slings
 + Level 9.0 Bows
 + Level 9.0 Crossbows
 + Level 9.0 Throwing
 + Level 10.1 Armour
 + Level 9.4 Dodging
 + Level 9.0 Stealth
 + Level 9.0 Shields
 + Level 9.0 Unarmed Combat
 + Level 9.0 Spellcasting
 + Level 7.5 Conjurations
 + Level 7.5 Hexes
 + Level 7.5 Summonings
 + Level 7.5 Necromancy
 + Level 7.5 Translocations
 + Level 7.5 Transmutations
 + Level 7.5 Fire Magic
 + Level 7.5 Ice Magic
 + Level 7.5 Air Magic
 + Level 7.5 Earth Magic
 + Level 7.5 Poison Magic
 + Level 10.7 Invocations
 + Level 9.0 Evocations


You had 31 spell levels left.
You didn't know any spells.
Your spell library contained the following spells:

 Spells                   Type           Power        Failure   Level
 Beastly Appendage        Tmut           ####..       1%          1
 Corona                   Hex            ####...      1%          1
 Ensorcelled Hibernation  Hex/Ice        ####..       1%          2
 Passwall                 Tmut/Erth      ####....     1%          2
 Poisonous Vapours        Pois/Air       ####..       1%          2
 Wereblood                Tmut           ####....     1%          2
 Confusing Touch          Hex            ####....     3%          3
 Conjure Flame            Conj/Fire      ####....     3%          3
 Dazzling Flash           Conj/Hex       ####..       3%          3
 Gell's Gravitas          Tloc           ####......   3%          3
 Ignite Poison            Fire/Tmut/Pois ####....     3%          3
 Mephitic Cloud           Conj/Pois/Air  ####....     3%          3
 Spider Form              Tmut/Pois      ####......   3%          3
 Tukima's Dance           Hex            ####....     3%          3
 Ice Form                 Ice/Tmut       ####....     12%         4
 Leda's Liquefaction      Hex/Erth       ####......   12%         4
 Petrify                  Tmut/Erth      ####....     12%         4
 Blade Hands              Tmut           ####......   34%         5
 Bolt of Magma            Conj/Fire/Erth ####......   34%         5
 Metabolic Englaciation   Hex/Ice        ####......   34%         5
 Yara's Violent Unravell  Hex/Tmut       ####......   34%         5
 Freezing Cloud           Conj/Ice/Air   ####......   88%         6
 Iron Shot                Conj/Erth      ####......   88%         6
 Statue Form              Tmut/Erth      ####.....    88%         6
 Shatter                  Erth           ####......   100%        9


Dungeon Overview and Level Annotations

Branches:
Dungeon (11/15)            Temple (0/1) D:4            Lair (6/6) D:8
 Shoals (0/4) Lair:2        Snake (0/4) Lair:3        Slime (0/5) Lair:6
    Orc (0/2) D:11         Bailey (visited)         Gauntlet (visited)

Altars:
Cheibriados
Dithmenos
Okawaru
Qazlal
Sif Muna
Uskayaw
Yredelemnul

Shops:
D:6 =   D:11 [(

Annotations:
D:3 2 runed translucent doors, Askman's ghost, amateur DsGl


Innate Abilities, Weirdness & Mutations

Your experience applies equally to all skills.
You have very sharp teeth.
Your uncanny sense of smell can sniff out nearby items.


Message History

The yak gores you but does no damage. The yak gores you.
* * * LOW HITPOINT WARNING * * *
You slash the gargoyle!
You bite the gargoyle, but do no damage.
The gargoyle is almost destroyed.
You slash the yak!
You kill the yak!
Lugonu accepts your kill.
You barely miss the yak. x3; The yak completely misses you.
The gargoyle closely misses you. The yak completely misses you.
The yak gores you!
* * * LOW HITPOINT WARNING * * *
The yak misses you.
You hit the gargoyle but do no damage.
The gargoyle is severely damaged.
You closely miss the yak. You barely miss the yak. You hit the yak.
The gargoyle closely misses you. The yak gores you!
* * * LOW HITPOINT WARNING * * *
The yak gores you but does no damage. The yak gores you!
You die...

##+######## ..
#...?.....# ..##
#...$.....# ...#
#.........# #..#
#.......[.# #..
+.........# #.#
#.........#
..###.Y##..)<.....+
......Y@9....)....#
#####.Y†)$).).(...#
#....(.......(#
#....∩.>.∩.$.^#
#.............#
#....$$..$$..(#
#.............#
###############


You could see 3 yaks and a gargoyle.

Vanquished Creatures
  A fire dragon (Lair:6)
  A hydra (D:9)
  A centaur warrior (D:10)
  A two-headed ogre (D:9)
  Urug (Lair:1)
  The ghost of Ortega the Martial Artist, a novice OpTm of Gozag (D:10)
  2 unseen horrors (D:10)
  3 lindwurms
  Pikel (D:7)
  6 black mambas
  4 elephants (Lair:5)
  4 torpor snails (Lair:5)
  7 cane toads
  3 molten gargoyles (Lair:6)
  Maggie (Lair:1)
  A minotaur zombie (Gauntlet)
  5 komodo dragons
  2 polar bears
  A hornet (Lair:3)
  4 hippogriffs
  17 blink frogs
  A slime creature (Lair:6)
  Sigmund (D:4)
  6 basilisks
  36 yaks
  4 wyverns
  A fire bat (Gauntlet)
  A steam dragon (Lair:6)
  A swamp worm (Lair:2)
  Menkaure (D:6)
  5 nagas (Lair:3)
  7 water moccasins
  10 porcupines
  4 hell hounds (Lair:6)
  2 phantoms
  3 orc warriors (D:11)
  A sky beast (D:7)
  An ice beast (D:9)
  2 necrophages
  13 wolves
  5 ogres
  7 centaurs
  14 crocodiles
  2 big kobolds
  7 bullfrogs
  Blork the orc (D:6)
  A gnoll sergeant (D:9)
  5 scorpions
  7 killer bees
  3 wights (D:10)
  2 electric eels
  A howler monkey (D:7)
  4 lava snakes (Lair:6)
  A bullfrog zombie (D:5)
  2 bullfrog skeletons
  A centaur zombie (D:6)
  9 orc wizards
  4 hounds
  5 jellies
  3 orc priests
  3 centaur skeletons
  10 worker ants
  A hound skeleton (D:11)
  A mummy (D:5)
  A worker ant zombie (D:6)
  Robin (D:3)
  8 gnolls
  9 adders
  4 shadow imps
  6 white imps
  An ufetubus (D:10)
  An ooze (D:1)
  An adder zombie (D:7)
  3 adder skeletons
  2 worms
  6 leopard geckos
  26 orcs
  3 giant cockroaches
  16 goblins
  9 hobgoblins
  15 jackals
  5 quokkas
  5 bats
  5 frilled lizards
  A jackal skeleton (D:5)
  A jackal zombie (D:9)
  17 kobolds
  2 leopard gecko skeletons
  A quokka zombie (D:3)
  4 rats
419 creatures vanquished.

Vanquished Creatures (others)
  A reaper (Gauntlet)
  A catoblepas (Gauntlet)
  5 death yaks (Gauntlet)
  A necromancer (Gauntlet)
  2 gargoyles (Gauntlet)
  A hellwing (Gauntlet)
  A yak (D:11)
  A fire bat (Gauntlet)
  A shadow imp (Gauntlet)
  40 fungi
  76 plants
  4 starspawn tentacles (Gauntlet)
  15 withered plants (Gauntlet)
149 creatures vanquished.

Grand Total: 568 creatures vanquished

Notes
Turn   | Place    | Note
-------+----------+-------------------------------------------
     0 | Abyss:1  | Gargoyl the Gnoll Abyssal Knight began the quest for the
                  | Orb.
     0 | Abyss:1  | Reached XP level 1. HP: 23/23 MP: 3/3
    83 | Abyss:2  | Noticed a ynoxinul
   115 | Abyss:2  | Got a shimmering ring mail
   116 | D:1      | Escaped the Abyss
   127 | D:1      | Identified the +6 ring mail of Qiogeyg {rF- rCorr Str+4
                  | Stlth+} (You found it on level 2 of the Abyss)
   314 | D:1      | Reached * piety under Lugonu
   314 | D:1      | Reached XP level 2. HP: 29/29 MP: 5/5
   735 | D:1      | Found a shadowy altar of Dithmenos.
   872 | D:2      | Reached XP level 3. HP: 23/35 MP: 6/6
  1275 | D:2      | Reached skill level 1 in Short Blades
  1275 | D:2      | Reached skill level 1 in Long Blades
  1275 | D:2      | Reached skill level 1 in Maces & Flails
  1275 | D:2      | Reached skill level 1 in Polearms
  1275 | D:2      | Reached skill level 1 in Staves
  1275 | D:2      | Reached skill level 1 in Slings
  1275 | D:2      | Reached skill level 1 in Bows
  1275 | D:2      | Reached skill level 1 in Crossbows
  1275 | D:2      | Reached skill level 1 in Throwing
  1275 | D:2      | Reached skill level 1 in Stealth
  1275 | D:2      | Reached skill level 1 in Shields
  1275 | D:2      | Reached skill level 1 in Unarmed Combat
  1275 | D:2      | Reached skill level 1 in Spellcasting
  1275 | D:2      | Reached skill level 1 in Evocations
  1275 | D:2      | Reached XP level 4. HP: 41/41 MP: 7/7
  1285 | D:2      | Reached ** piety under Lugonu
  1703 | D:3      | Reached skill level 1 in Conjurations
  1703 | D:3      | Reached skill level 1 in Hexes
  1703 | D:3      | Reached skill level 1 in Summonings
  1703 | D:3      | Reached skill level 1 in Necromancy
  1703 | D:3      | Reached skill level 1 in Translocations
  1703 | D:3      | Reached skill level 1 in Transmutations
  1703 | D:3      | Reached skill level 1 in Fire Magic
  1703 | D:3      | Reached skill level 1 in Ice Magic
  1703 | D:3      | Reached skill level 1 in Air Magic
  1703 | D:3      | Reached skill level 1 in Earth Magic
  1703 | D:3      | Reached skill level 1 in Poison Magic
  1866 | D:3      | Reached XP level 5. HP: 47/47 MP: 8/8
  1866 | D:3      | Noticed Robin
  1877 | D:3      | Killed Robin
  1977 | D:3      | Found a runed translucent door.
  1977 | D:3      | Noticed Askman's ghost (amateur DsGl)
  2299 | D:3      | Found a runed translucent door.
  2506 | D:4      | Reached *** piety under Lugonu
  2533 | D:4      | Reached skill level 5 in Invocations
  2533 | D:4      | Reached XP level 6. HP: 53/53 MP: 9/9
  2566 | D:4      | Noticed a phantom
  2600 | D:4      | Killed a phantom
  2600 | D:4      | Reached skill level 5 in Axes
  2600 | D:4      | Reached skill level 5 in Armour
  3002 | D:4      | Found a staircase to the Ecumenical Temple.
  3095 | D:4      | Noticed Sigmund
  3106 | D:4      | Killed Sigmund
  3106 | D:4      | Reached skill level 7 in Fighting
  3106 | D:4      | Reached XP level 7. HP: 60/60 MP: 10/10
  3292 | D:5      | Entered Level 5 of the Dungeon
  3336 | D:5      | Found a snail-covered altar of Cheibriados.
  3974 | D:5      | Reached XP level 8. HP: 42/67 MP: 12/12
  4458 | D:6      | Noticed Blork the orc
  4467 | D:6      | Killed Blork the orc
  4583 | D:6      | Found Vamoeh's Jewellery Shoppe.
  4589 | D:6      | Bought an uncursed ring of poison resistance for 200 gold
                  | pieces
  4712 | D:6      | Reached **** piety under Lugonu
  5050 | D:6      | Noticed Menkaure
  5059 | D:6      | Killed Menkaure
  5277 | D:7      | Found a flagged portal.
  5289 | Bailey   | Entered a bailey
  5473 | D:7      | Noticed Pikel
  5496 | D:7      | Killed Pikel
  5496 | D:7      | Reached XP level 9. HP: 73/73 MP: 13/15
  5546 | D:7      | Reached skill level 5 in Dodging
  5951 | D:7      | Found a hide-covered altar of Uskayaw.
  6330 | D:7      | Reached skill level 8 in Fighting
  6476 | D:8      | Found a staircase to the Lair.
  6611 | D:8      | Reached ***** piety under Lugonu
  6783 | D:8      | Reached XP level 10. HP: 70/80 MP: 17/17
  7096 | Lair:1   | Entered Level 1 of the Lair of Beasts
  7099 | Lair:1   | Noticed Urug
  7119 | Lair:1   | Killed Urug
  7119 | Lair:1   | Reached skill level 5 in Short Blades
  7119 | Lair:1   | Reached skill level 5 in Long Blades
  7119 | Lair:1   | Reached skill level 5 in Maces & Flails
  7119 | Lair:1   | Reached skill level 5 in Polearms
  7119 | Lair:1   | Reached skill level 5 in Staves
  7119 | Lair:1   | Reached skill level 5 in Slings
  7119 | Lair:1   | Reached skill level 5 in Bows
  7119 | Lair:1   | Reached skill level 5 in Crossbows
  7119 | Lair:1   | Reached skill level 5 in Throwing
  7119 | Lair:1   | Reached skill level 5 in Stealth
  7119 | Lair:1   | Reached skill level 5 in Shields
  7119 | Lair:1   | Reached skill level 5 in Unarmed Combat
  7119 | Lair:1   | Reached skill level 5 in Spellcasting
  7119 | Lair:1   | Reached skill level 5 in Evocations
  7872 | Lair:1   | Noticed Maggie
  7889 | Lair:1   | Killed Maggie
  7942 | Lair:1   | Identified a scroll of acquirement
  7942 | Lair:1   | Acquired 1200 gold pieces
  8198 | Lair:1   | Noticed a cane toad
  8209 | Lair:1   | Banished a cane toad
  8921 | Lair:1   | Reached XP level 11. HP: 68/87 MP: 19/19
  9361 | Lair:2   | Reached skill level 9 in Fighting
  9365 | Lair:2   | Reached skill level 5 in Conjurations
  9365 | Lair:2   | Reached skill level 5 in Hexes
  9365 | Lair:2   | Reached skill level 5 in Summonings
  9365 | Lair:2   | Reached skill level 5 in Necromancy
  9365 | Lair:2   | Reached skill level 5 in Translocations
  9365 | Lair:2   | Reached skill level 5 in Transmutations
  9365 | Lair:2   | Reached skill level 5 in Fire Magic
  9365 | Lair:2   | Reached skill level 5 in Ice Magic
  9365 | Lair:2   | Reached skill level 5 in Air Magic
  9365 | Lair:2   | Reached skill level 5 in Earth Magic
  9365 | Lair:2   | Reached skill level 5 in Poison Magic
 10430 | Lair:2   | Found a staircase to the Shoals.
 11440 | Lair:3   | Noticed a four-headed hydra
 11443 | Lair:3   | Banished a four-headed hydra
 11508 | Lair:3   | Found a staircase to the Snake Pit.
 12032 | Lair:3   | Noticed a four-headed hydra
 12050 | Lair:3   | Banished a five-headed hydra
 12054 | Lair:3   | Reached XP level 12. HP: 31/96 MP: 17/22
 13565 | Lair:3   | Got a scintillating amber ring
 13739 | Lair:3   | Identified the ring of Yendor {rPois MR+} (You found it on
                  | level 3 of the Lair of Beasts)
 14429 | Lair:4   | Got a brightly glowing scale mail
 14445 | Lair:3   | Identified the +4 scale mail of the Catfish {rF+} (You
                  | found it on level 4 of the Lair of Beasts)
 14796 | Lair:4   | Reached skill level 10 in Fighting
 15222 | D:6      | Bought an uncursed amulet of the acrobat for 300 gold
                  | pieces
 15700 | Lair:5   | Noticed a six-headed hydra
 15713 | Lair:5   | Found a gate leading to a gauntlet.
 15722 | Gauntlet | Entered a Gauntlet
 15722 | Gauntlet | Found a transporter.
 15722 | Gauntlet | Found a transporter.
 15722 | Gauntlet | Found a transporter.
 15722 | Gauntlet | Noticed a reaper
 15722 | Gauntlet | Noticed a catoblepas
 15730 | Gauntlet | Found a transporter.
 15731 | Gauntlet | Found a transporter.
 15732 | Gauntlet | Noticed a death yak
 15734 | Gauntlet | Noticed a death yak
 15735 | Gauntlet | Noticed a death yak
 15736 | Gauntlet | Noticed a death yak
 15736 | Gauntlet | Noticed a death yak
 15737 | Gauntlet | Corrupted Gauntlet
 15737 | Gauntlet | Noticed a starcursed mass
 15737 | Gauntlet | Noticed a bone dragon
 15737 | Gauntlet | Noticed a thrashing horror
 15737 | Gauntlet | Noticed a reaper
 15737 | Gauntlet | Noticed a starcursed mass
 15737 | Gauntlet | Noticed a starcursed mass
 15737 | Gauntlet | Noticed a starcursed mass
 15737 | Gauntlet | Noticed a thrashing horror
 15737 | Gauntlet | Noticed a green death
 15737 | Gauntlet | Noticed a thrashing horror
 15737 | Gauntlet | Noticed a lich
 15737 | Gauntlet | Noticed a starcursed mass
 15737 | Gauntlet | Noticed a lich
 15737 | Gauntlet | Noticed a large abomination
 15737 | Gauntlet | Noticed a tentacled starspawn
 15738 | Gauntlet | Found a transporter.
 15741 | Gauntlet | Killed a death yak
 15742 | Gauntlet | Killed a reaper
 15743 | Gauntlet | Killed a death yak
 15744 | Gauntlet | Killed a death yak
 15745 | Gauntlet | Killed a death yak
 15746 | Gauntlet | Killed a catoblepas
 15747 | Gauntlet | Found a transporter.
 15749 | Gauntlet | Killed a death yak
 15756 | Gauntlet | Found a transporter.
 15761 | Gauntlet | Noticed a soul eater
 15764 | Gauntlet | Found a transporter.
 15781 | Gauntlet | Found a transporter.
 15789 | Gauntlet | Found a transporter.
 15792 | Gauntlet | Noticed a death ooze
 15806 | Gauntlet | Found a transporter.
 15812 | Gauntlet | Noticed a starcursed mass
 16038 | Gauntlet | Found the +7 mace of Variability {chain chaos}
 16040 | Gauntlet | Noticed a minotaur
 16050 | Gauntlet | Banished a minotaur
 16052 | Gauntlet | Identified the Catalogue of Shifting Clay
 17483 | Lair:5   | Reached XP level 13. HP: 84/103 MP: 24/24
 17691 | Lair:5   | Found a snail-covered altar of Cheibriados.
 17988 | Lair:5   | HP: 4/104 [blink frog (13)]
 18798 | Lair:5   | Reached skill level 10 in Invocations
 18975 | Lair:6   | Entered Level 6 of the Lair of Beasts
 21161 | Lair:6   | Found a staircase to the Slime Pits.
 22118 | Lair:6   | Noticed a fire dragon
 22152 | Lair:6   | Found a large runed translucent door.
 22165 | Lair:6   | Found a large runed translucent door.
 23145 | Lair:6   | Killed a fire dragon
 23700 | D:9      | Found an iron altar of Okawaru.
 23811 | D:9      | Found a stormy altar of Qazlal.
 23814 | D:9      | Found a basalt altar of Yredelemnul.
 23971 | D:9      | Reached XP level 14. HP: 69/111 MP: 26/26
 24867 | D:9      | Got a translucent dagger
 24868 | D:9      | Identified the +6 dagger of Distraction {drain, +Blink}
                  | (You found it on level 9 of the Dungeon)
 24887 | D:10     | Entered Level 10 of the Dungeon
 24915 | D:10     | Reached skill level 10 in Axes
 24915 | D:10     | Reached skill level 10 in Armour
 25074 | D:10     | Found a shimmering blue altar of Sif Muna.
 25128 | D:10     | Found a transporter.
 25128 | D:10     | Noticed Ortega's ghost (novice OpTm)
 25248 | D:10     | Found a transporter.
 25757 | D:10     | Killed Ortega's ghost
 25762 | D:10     | Reached skill level 11 in Fighting
 25883 | D:11     | Found Nut Ryl's Weapon Shoppe.
 25883 | D:11     | Found a staircase to the Orcish Mines.
 25883 | D:11     | Found Pebb's Armour Shoppe.
 25933 | D:11     | Slain by a yak

Illustrated notes

Levels and vault maps discovered:
D:1:      dpeg_arrival_water_altar, layout_basic
D:2:      layout_basic
D:3:      layout_rooms, ebering_ghost_sewer_f, uniq_robin
D:4:      layout_loops_ring, minmay_temple_entry_enclosed_plants, uniq_sigmund
D:5:      layout_gridville, slow_altar_1
D:6:      layout_loops_corners, serial_shops, nicolae_shop_crystal,
          uniq_blork_the_orc, uniq_menkaure
D:7:      minmay_razor_zed, layout_basic, eat_drink_and_be_merry_uskayaw,
          enter_bailey_2, uniq_pikel
D:8:      layout_rooms, lair_entry_dummy
D:9:      layout_basic, grunt_temple_overflow_open, kennysheep_okawaru_gauntlet
D:10:     layout_loops_ring, gammafunk_ghost_arena, led_sif_book
D:11:     layout_roguey, orc_david_3, serial_shops, nicolae_shop_stone,
          nicolae_shop_crystal, nicolae_qazlal_eye_of_the_storm, uniq_snorg,
          uniq_josephine
Lair:1:   layout_cellular_growth, serial_bayou_shore_a, uniq_maggie, uniq_urug
Lair:2:   layout_cave_pods, shoals_dummy_entry, serial_bayou_pond_b,
          worms_lemuel
Lair:3:   cheibrodos_lair_overgrown_chateau, layout_long_grid,
          minmay_snake_entry_guardpost_large
Lair:4:   layout_misc_corridors
Lair:5:   layout_loops_ring, gauntlet_entry_generic, kennysheep_snail_temple,
          infiniplex_staircase_pool, grunt_megastairs_5
Lair:6:   cheibrodos_lair_end_hotspot, layout_gridlike,
          minmay_slime_entry_pillars, guppyfry_lair_drakes

Skill      XL: |  1  2  3  4  5  6  7  8  9 10 11 12 13 14 |
---------------+-------------------------------------------+-----
Short Blades   | 1 2 4 5 6 7 8 9 |  9.0
Long Blades    | 1 2 4 5 6 7 8 9 |  9.0
Maces & Flails | 1 2 4 5 6 7 8 9 |  9.0
Polearms       | 1 2 4 5 6 7 8 9 |  9.0
Staves         | 1 2 4 5 6 7 8 9 |  9.0
Slings         | 1 2 4 5 6 7 8 9 |  9.0
Bows           | 1 2 4 5 6 7 8 9 |  9.0
Crossbows      | 1 2 4 5 6 7 8 9 |  9.0
Throwing       | 1 2 4 5 6 7 8 9 |  9.0
Stealth        | 1 2 4 5 6 7 8 9 |  9.0
Shields        | 1 2 4 5 6 7 8 9 |  9.0
Unarmed Combat | 1 2 4 5 6 7 8 9 |  9.0
Spellcasting   | 1 2 4 5 6 7 8 9 |  9.0
Evocations     | 1 2 4 5 6 7 8 9 |  9.0
Conjurations   | 1 2 3 4 5 6 7 |  7.5
Hexes          | 1 2 3 4 5 6 7 |  7.5
Summonings     | 1 2 3 4 5 6 7 |  7.5
Necromancy     | 1 2 3 4 5 6 7 |  7.5
Translocations | 1 2 3 4 5 6 7 |  7.5
Transmutations | 1 2 3 4 5 6 7 |  7.5
Fire Magic     | 1 2 3 4 5 6 7 |  7.5
Ice Magic      | 1 2 3 4 5 6 7 |  7.5
Air Magic      | 1 2 3 4 5 6 7 |  7.5
Earth Magic    | 1 2 3 4 5 6 7 |  7.5
Poison Magic   | 1 2 3 4 5 6 7 |  7.5
Dodging        | 3 4 5 6 7 8 9 |  9.4
Invocations    | 5 6 7 8 9 10 | 10.7
Axes           | 5 6 7 8 9 10 | 10.1
Armour         | 5 6 7 8 9 10 | 10.1
Fighting       | 7 8 9 10 11 | 11.0

Action                   |  1- 3 |  4- 6 |  7- 9 | 10-12 | 13-15 || total
-------------------------+-------+-------+-------+-------+-------++-------
Melee: Broad axe         |    63 |   140 |   273 |   572 |   492 ||  1540
       Bite              |     1 |    11 |    42 |    88 |   101 ||   243
       Punch             |       |     1 |       |    16 |    36 ||    53
       Scimitar          |       |       |       |       |     5 ||     5
       Double sword      |       |       |       |       |    24 ||    24
Throw: Javelin           |       |       |       |       |     5 ||     5
Invok: Depart the Abyss  |     1 |       |       |       |       ||     1
       Bend Space        |       |       |     2 |     1 |     1 ||     4
       Banish            |       |       |       |     7 |     9 ||    16
       Corrupt           |       |       |       |     1 |       ||     1
Evoke: Wand              |       |       |       |     3 |     4 ||     7
  Use: Scroll            |     5 |     3 |     7 |    16 |     7 ||    38
       Potion            |       |       |       |     2 |     3 ||     5
 Stab: Sleeping          |     1 |     4 |    10 |    10 |     8 ||    33
       Distracted        |       |     1 |       |     1 |     1 ||     3
Armor: Ring mail         |    48 |    89 |   130 |   203 |       ||   470
       Scale mail        |       |       |       |    88 |   307 ||   395
Dodge: Dodged            |    57 |   132 |   377 |   732 |   705 ||  2003
Block: Buckler           |       |       |    28 |    50 |       ||    78
       Rpst.: Scimitar   |       |       |       |       |     1 ||     1
       Double sword      |       |       |       |       |     8 ||     8

Table legend: (Time is in decaauts)
 A = Elapsed time spent in this place.
 B = Non-inter-level travel time spent in this place.
 C = Inter-level travel time spent in this place.
 D = Time resting spent in this place.
 E = Time spent auto-exploring this place.
 F = Levels seen in this place.
 G = Mean time per level.
                   A        B        C        D        E       F      G
               +--------+--------+--------+--------+--------+-----+--------+
         Total |  26364 |  25136 |   1228 |   9155 |  11294 |  21 | 1255.4 |
       Dungeon |   9792 |   9202 |    590 |   1108 |   6139 |  11 |  890.2 |
          Lair |  14935 |  14298 |    637 |   6972 |   5085 |   6 | 2489.2 |
         Abyss |    115 |    115 |      0 |      0 |     70 |   2 |   57.5 |
        Bailey |     61 |     61 |      0 |      0 |      0 |   1 |   61.0 |
      Gauntlet |   1459 |   1459 |      0 |   1075 |      0 |   1 | 1459.0 |
               +--------+--------+--------+--------+--------+-----+--------+

Top non-repeatable levels by time:
  Lair:6: 3548 daAuts
  Lair:3: 3173 daAuts
  Lair:5: 2972 daAuts
  Lair:1: 2282 daAuts
  Lair:2: 1744 daAuts
Gauntlet: 1459 daAuts
     D:9: 1449 daAuts
  Lair:4: 1215 daAuts
     D:7: 1199 daAuts
     D:6: 1060 daAuts
    D:10: 999 daAuts
     D:5: 992 daAuts
     D:2: 906 daAuts
     D:4: 888 daAuts
     D:8: 781 daAuts
